Map: Newkirk Precinct TE (Void)

Players

aLive

  • Race: Terran Terran
  • League: Grandmaster
  • Spawn Location: 7:00

llllllllllll (ByuL) - Winner!

  • Race: Zerg Zerg
  • League: Master
  • Spawn Location: 5:00

VOD

Have the link to the VOD?

Description

Time

  • Played on: Feb. 14, 2017, 7:39 a.m.
  • Length: 9:27
Show
View Real Time Build Order
Export as new Build Order

aLive Terran 

Build Orders: Hellion Opening 

Get SALT Encoding   

  12  0:00  SCV  
  13  0:13  SCV  
  14  0:18  Supply Depot  
  14  0:25  SCV  
  15  0:29  Refinery  
  15  0:40  SCV  
  16  0:45  Barracks  
  16  0:52  SCV  
  17  1:04  SCV  
  18  1:16  SCV  
  19  1:33  Marine, Orbital Command  
  20  1:45  Command Center  
  20  1:51  Marine  
  21  1:59  SCV  
  22  2:03  Factory  
  22  2:09  Barracks Reactor  
  22  2:11  Supply Depot  
  22  2:14  SCV  
  23  2:20  Refinery  
  23  2:33  SCV  
  24  2:45  SCV  
  25  2:51  Factory  
  25  2:53  Hellion x2  
  25  2:56  Barracks Reactor  
  25  2:57  SCV  
  30  3:01  Orbital Command  
  30  3:09  SCV  
  31  3:17  Cyclone  
  34  3:20  Cyclone  
  34  3:23  SCV  
  34  3:26  SCV  
  39  3:30  Supply Depot  
  39  3:36  SCV  
  40  3:44  SCV  
  40  3:47  Hellion x2  
  46  3:52  Hellion  
  46  3:54  Hellion  
  50  3:57  Supply Depot  
  50  4:01  Armory  
  49  4:10  Hellion  
  49  4:11  Hellion  
  53  4:19  Hellion x2  
  57  4:25  Supply Depot  
  57  4:28  SCV  
  57  4:29  SCV  
  57  4:30  Supply Depot  
  59  4:50  Cyclone x3  
  66  4:55  SCV x2  
  64  5:01  Terran Vehicle Weapons Level 1  
  64  5:03  Supply Depot  
  64  5:04  Hellion  
  58  5:18  SCV x2  
  60  5:24  Hellbat  
  60  5:25  Hellbat  
  68  5:30  Cyclone x2  
  68  5:33  SCV x2, Supply Depot  
  72  5:39  Refinery  
  72  5:53  Hellbat x2  
  76  6:02  Hellbat  
  76  6:03  Hellbat  
  82  6:06  Supply Depot  
  82  6:07  SCV x2  
  82  6:08  Refinery  
  82  6:19  Hellbat x2  
  82  6:21  SCV x2  
  82  6:24  Hellbat x2  
  92  6:26  Supply Depot  
  92  6:27  Hellion x4  
  92  6:33  SCV x2  
  94  6:43  Cyclone x2  
  94  6:46  Command Center  
  95  7:15  Cyclone x4  
  77  7:16  SCV x2  
  65  7:28  SCV x2  
  50  7:40  SCV  
  50  7:41  SCV  
  52  7:47  Hellbat  
  52  7:48  Hellbat x3  
  60  7:53  SCV x2  
  62  7:59  Orbital Command  
  62  8:05  SCV x2  
  72  8:13  Cyclone  
  72  8:14  Cyclone x2  
  72  8:16  Cyclone  
  72  8:18  SCV x2  
  78  8:29  SCV  
  78  8:30  SCV  
  78  8:31  SCV  
  81  8:44  SCV x2  
  81  8:45  SCV  
  88  8:55  Hellbat  
  88  8:56  SCV, Hellbat x3  
  88  8:57  SCV x2  
  93  9:14  SCV x3  
Show
View Real Time Build Order
Export as new Build Order

llllllllllll Zerg - Winner!

Build Orders: Hatch First 

Get SALT Encoding   

  12  0:01  Drone  
  13  0:08  Drone  
  14  0:18  Overlord  
  14  0:21  Extractor  
  14  0:24  Drone  
  15  0:36  Drone  
  15  0:37  Drone  
  17  0:52  Hatchery  
  17  0:55  Drone  
  17  0:59  Drone  
  18  1:06  Extractor  
  17  1:14  Spawning Pool  
  17  1:17  Drone  
  17  1:20  Drone  
  18  1:27  Drone  
  19  1:38  Overlord  
  19  1:52  Drone  
  20  2:01  Queen, Zergling x2  
  22  2:04  Queen  
  22  2:05  Zergling x2  
  22  2:08  Metabolic Boost  
  26  2:12  Drone  
  27  2:18  Drone  
  27  2:20  Drone  
  29  2:26  Drone  
  30  2:32  Drone  
  31  2:38  Queen  
  31  2:39  Drone  
  34  2:46  Overlord  
  34  2:47  Pneumatized Carapace  
  34  2:50  Drone  
  35  2:55  Zergling x2  
  36  3:05  Drone  
  36  3:06  Drone  
  36  3:09  Drone x2  
  36  3:10  Drone x2  
  42  3:14  Drone x2  
  42  3:16  Overlord  
  44  3:28  Roach Warren  
  44  3:32  Drone  
  44  3:35  Hatchery  
  44  3:37  Drone x2  
  44  3:40  Drone  
  44  3:41  Drone  
  47  3:46  Drone x2  
  47  3:47  Drone  
  50  3:53  Zergling x2  
  50  3:54  Evolution Chamber  
  50  3:55  Drone  
  51  3:57  Extractor  
  51  4:00  Lair  
  50  4:07  Overlord, Drone x2  
  52  4:10  Overlord  
  52  4:11  Extractor  
  51  4:17  Overlord  
  51  4:19  Overlord  
  51  4:27  Zergling x2  
  52  4:34  Roach  
  52  4:35  Roach x3  
  52  4:37  Zergling x2, Roach x2  
  64  4:48  Zergling x4, Roach x2  
  64  4:50  Roach  
  64  4:51  Queen  
  68  4:58  Queen  
  67  5:03  Zergling x2, Roach  
  70  5:17  Glial Reconstitution  
  70  5:19  Roach  
  72  5:22  Roach  
  72  5:26  Drone x6  
  72  5:27  Queen  
  81  5:29  Drone  
  81  5:31  Drone  
  81  5:32  Overseer  
  82  5:38  Extractor  
  81  5:43  Drone  
  81  5:46  Overlord x2  
  81  5:47  Overlord  
  81  5:49  Overlord  
  81  5:53  Overlord  
  81  5:55  Zerg Missile Weapons Level 1  
  81  5:57  Overlord  
  81  5:58  Overseer, Overlord  
  81  6:05  Drone  
  81  6:06  Drone  
  81  6:07  Drone x2  
  81  6:08  Drone x2  
  81  6:11  Drone x3  
  89  6:12  Ravager  
  89  6:14  Drone  
  92  6:20  Roach  
  92  6:21  Roach x2  
  98  6:26  Roach x3  
  104  6:34  Roach x3  
  104  6:37  Roach x2  
  114  6:41  Roach  
  114  6:42  Ravager, Roach  
  119  6:48  Ravager  
  119  6:49  Overlord  
  119  6:50  Zergling x8, Roach  
  126  6:59  Roach x3  
  130  7:03  Overlord  
  130  7:04  Overlord  
  130  7:12  Zergling x4, Roach x2  
  130  7:13  Zergling x2  
  117  7:18  Zergling x6, Roach x4  
  114  7:25  Roach x2  
  97  7:31  Roach  
  99  7:39  Ravager  
  99  7:40  Ravager x2  
  99  7:42  Drone x6  
  108  7:44  Extractor, Drone  
  108  7:45  Extractor  
  107  7:52  Drone  
  107  7:57  Hatchery  
  107  7:58  Overlord  
  107  8:00  Drone  
  107  8:05  Roach x2  
  112  8:09  Drone  
  112  8:10  Drone x2  
  112  8:11  Roach x2  
  119  8:16  Roach x4  
  119  8:17  Roach x2  
  131  8:22  Roach x2  
  135  8:27  Roach  
  135  8:30  Ravager x2  
  139  8:35  Roach  
  139  8:36  Roach  
  139  8:39  Roach  
  139  8:40  Roach x3  
  151  8:46  Roach x5  
  151  8:47  Overlord  
  161  8:51  Ravager  
  162  8:56  Overlord  
  162  9:00  Overlord  
  162  9:01  Extractor  
  162  9:02  Overlord  
  161  9:08  Roach  
Tags
 
Add a new tag
Caveats
  • Supply blocks, unpowered buildings, or Contaminate may cause inaccurate times.
  • Supply counts are checked every 10 seconds.